 Dungeon Crawl Stone Soup version 0.29-a0-96-g93358da72b (webtiles) character file.

Game seed: 14541364657020992872

108 Sweetruy1997 the Slasher (level 4, -1/35 HPs)
             Began as a Demonspawn Chaos Knight on Feb 13, 2022.
             Was a Plaything of Xom.
             Slain by a scorpion (3 damage)
             ... on level 3 of the Dungeon.
             The game lasted 00:04:19 (2334 turns).

Sweetruy1997 the Slasher (Demonspawn Chaos Knight)  Turns: 2334, Time: 00:04:20

Health: -1/35      AC:  6    Str: 13    XL:     4   Next: 58%
Magic:  4/4        EV: 12    Int: 13    God:    Xom [.....*]
Gold:   58         SH:  0    Dex: 16    Spells: 3/3 levels left

rFire   + + .      SeeInvis .   a - +0 falchion (chaos)
rCold   + . .      Faith    .   (no shield)
rNeg    . . .      Spirit   .   m - +1 leather armour {rPois}
rPois   +          Reflect  .   (no helmet)
rElec   +          Harm     .   b - +0 cloak
rCorr   +          Rampage  .   f - +0 pair of gloves
Will    .....                   (no boots)
Stlth   +++.......              (no amulet)
HPRegen 0.11/turn               (no ring)
MPRegen 0.09/turn               (no ring)

@: lethally poisoned (-1 -> -5), resistant
A: claws 1, demonic magic 1, thin skeletal structure 1, fire resistance 1, wild
magic 1, sturdy frame 1
a: Renounce Religion


You were on level 3 of the Dungeon.
You worshipped Xom.
You were Xom's teddy bear.
You visited 1 branch of the dungeon, and saw 3 of its levels.

You collected 58 gold pieces.

Inventory:

Hand Weapons
 a - a +0 falchion of chaos (weapon)
Armour
 b - a +0 cloak (worn)
 f - a +0 pair of gloves (worn)
 m - a +1 leather armour of poison resistance (worn)
Scrolls
 c - a scroll of fear {unknown}
 g - a scroll of enchant weapon {unknown}
 h - a scroll of blinking {unknown}
 j - a scroll of fog {unknown}
 k - a scroll of identify {unknown}
Potions
 d - a potion of cancellation
 l - a potion of degeneration {unknown}


   Skills:
 + Level 3.5 Fighting
 + Level 4.0 Long Blades
 + Level 2.3 Armour
 + Level 1.2 Dodging
 + Level 0.9 Stealth


You had 3 spell levels left.
You didn't know any spells.
Your spell library was empty.

Dungeon Overview and Level Annotations

Branches:
Dungeon (3/15)

Altars:


Innate Abilities, Weirdness & Mutations

You have sharp fingernails.
Spells you cast may paralyse adjacent enemies.
You have a somewhat thin skeletal structure. (Dex +2, Stealth+)
Your flesh is heat resistant. (rF+)
Your spells are a little harder to cast, but a little more powerful.
Your movements are slightly less encumbered by armour. (ER -2)


Message History

It was a potion of cancellation.
You feel magically purged. The scorpion closely misses you.
It was a potion of mutation.
You feel extremely strange.
You feel stupid.
Your body's shape seems more normal.
Your skeletal structure densifies.
You feel less in control of your magic.
You feel less encumbered by your armour.
You feel resistant to heat.
The scorpion stings you but does no damage.
You hit the scorpion. You burn the scorpion.
The scorpion is moderately wounded.
The scorpion barely misses you.
You hit the scorpion. You burn the scorpion.
The scorpion is moderately wounded.
The scorpion closely misses you.
You hit the scorpion.
The scorpion is heavily wounded.
The scorpion stings you.
You hit the scorpion.
The scorpion easily resists.
The scorpion is heavily wounded.
The scorpion stings you.
You are poisoned.
The scorpion poisons you!
You slash the scorpion!
The scorpion seems to speed up.
The scorpion is almost dead.
* * * LOW HITPOINT WARNING * * *
You feel very sick.
The scorpion is no longer moving slowly.
The scorpion closely misses you.
You hit the scorpion but do no damage.
The scorpion is almost dead.
* * * LOW HITPOINT WARNING * * *
You feel sick. The scorpion stings you.
* * * LOW HITPOINT WARNING * * *
The scorpion stings you but does no damage.
It was a potion of resistance.
You feel protected.
Xom thinks this is hilarious!
* * * LOW HITPOINT WARNING * * *
You feel sick. The scorpion misses you. The scorpion stings you.
You die...

##'## #......# ##...##
#(s....# # ##.....##
#......# #
##.......###'##+##+ #
####.........##..## .##
...'†........+#...##
#..
####.........###...##.#
# ##.......## ##s)#).#
##.....## ##@##'##+##
#####...## #.........#
#.. ...## #.8..8..8.#
#.# ##.# #.........# #
#.# #.# #####'##### #
#.####.## #.#
###.#.....## #.#
...........# #.#
###.###...#########.#


You could see a scorpion (fast).

Vanquished Creatures
  5 adders
  A howler monkey skeleton (D:3)
  An adder zombie (D:3)
  3 dart slugs
  An orc (D:2)
  2 bats (D:1)
  4 endoplasms
  2 giant cockroaches (D:3)
  6 goblins
  2 hobgoblins (D:2)
  4 kobolds
  3 quokkas
  2 ball pythons (D:3)
  A frilled lizard (D:2)
  6 rats
43 creatures vanquished.

Vanquished Creatures (collateral kills)
  A quokka (D:2)
1 creature vanquished.

Vanquished Creatures (others)
  A bat (D:3)
  A ball python (D:3)
  2 frilled lizards (D:3)
4 creatures vanquished.

Grand Total: 48 creatures vanquished

Notes
Turn   | Place    | Note
-------+----------+-------------------------------------------
     0 | D:1      | Sweetruy1997 the Demonspawn Chaos Knight began the quest
                  | for the Orb.
     0 | D:1      | Reached XP level 1. HP: 18/18 MP: 1/1
   226 | D:1      | XOM: silly message
   241 | D:1      | XOM: silly message
   395 | D:1      | Found a faded altar of an unknown god.
   412 | D:1      | Reached skill level 3 in Long Blades
   439 | D:1      | XOM: noise
   482 | D:1      | Gained mutation: Spells you cast may paralyse adjacent
                  | enemies. [demonic ancestry]
   482 | D:1      | Reached XP level 2. HP: 24/24 MP: 2/2
  1043 | D:2      | Reached skill level 1 in Dodging
  1043 | D:2      | Reached XP level 3. HP: 27/29 MP: 3/3
  1058 | D:2      | XOM: give mutation
  1058 | D:2      | Gained mutation: Armour fits poorly on your strangely
                  | shaped body. [Xom's mischief]
  1481 | D:2      | XOM: swap monsters
  1643 | D:2      | Discovered your monstrous ancestry.
  1643 | D:2      | Gained mutation: You have sharp fingernails. [demonic
                  | ancestry]
  1643 | D:2      | Reached XP level 4. HP: 27/35 MP: 4/4
  1734 | D:2      | XOM: polymorph quokka -> dart slug
  1772 | D:3      | XOM: scenery: summon butterflies
  2184 | D:3      | Reached skill level 4 in Long Blades
  2308 | D:3      | Noticed a scorpion
  2312 | D:3      | XOM: give mutations
  2312 | D:3      | Gained mutation: Your mind is acute. (Int +2) [Xom's grace]
  2312 | D:3      | Gained mutation: You have a somewhat thin skeletal
                  | structure. (Dex +2, Stealth+) [Xom's grace]
  2312 | D:3      | Gained mutation: You have a moderately thin skeletal
                  | structure. (Dex +4, Stealth++) [Xom's grace]
  2314 | D:3      | XOM: snakes to sticks
  2317 | D:3      | XOM: enchant monster (good)
  2327 | D:3      | Lost mutation: Your mind is acute. (Int +2) [potion of
                  | mutation]
  2327 | D:3      | Lost mutation: Armour fits poorly on your strangely shaped
                  | body. [potion of mutation]
  2327 | D:3      | Lost mutation: You have a moderately thin skeletal
                  | structure. (Dex +4, Stealth++) [potion of mutation]
  2327 | D:3      | Gained mutation: Your spells are a little harder to cast,
                  | but a little more powerful. [potion of mutation]
  2327 | D:3      | Gained mutation: Your movements are slightly less
                  | encumbered by armour. (ER -2) [potion of mutation]
  2327 | D:3      | Gained mutation: Your flesh is heat resistant. (rF+)
                  | [potion of mutation]
  2334 | D:3      | Slain by a scorpion

Illustrated notes

Levels and vault maps discovered:
D:1:      lemuel_arrival_behind_the_door_large, layout_loops_ring,
          hellmonk_ecumenical_altar_run_dry
D:2:      layout_rooms, corexii_item_surrounded_by_moat,
          chequers_serial_rivers_large_a
D:3:      minmay_chambers_of_threes, layout_loops_corners

Skill      XL: |  1  2  3  4 |
---------------+-------------+-----
Long Blades    | 3 4 |  4.0
Armour         | 2 |  2.3
Dodging        | 1 |  1.2
Fighting       | |  3.5
Stealth        | |  0.9

Action                   |  1- 3 |  4- 6 || total
-------------------------+-------+-------++-------
Melee: Falchion          |    88 |    69 ||   157
       Punch             |     1 |       ||     1
  Use: Potion            |       |     3 ||     3
 Stab: Confused          |     1 |       ||     1
       Petrifying        |       |     1 ||     1
       Sleeping          |       |     1 ||     1
Armor: Leather armour    |    34 |    24 ||    58
Dodge: Dodged            |    60 |    35 ||    95

Table legend: (Time is in decaauts)
 A = Elapsed time spent in this place.
 B = Non-inter-level travel time spent in this place.
 C = Inter-level travel time spent in this place.
 D = Time resting spent in this place.
 E = Time spent auto-exploring this place.
 F = Levels seen in this place.
 G = Mean time per level.
                   A        B        C        D        E       F      G
               +--------+--------+--------+--------+--------+-----+--------+
         Total |   2371 |   2343 |     28 |      0 |   1936 |   3 |  790.3 |
       Dungeon |   2371 |   2343 |     28 |      0 |   1936 |   3 |  790.3 |
               +--------+--------+--------+--------+--------+-----+--------+

Top non-repeatable levels by time:
     D:2: 909 daAuts
     D:1: 892 daAuts
     D:3: 569 daAuts
